 Dungeon Crawl Stone Soup version 0.22.0-27-ga576289 (webtiles) character file.

16869 Amnesiac the Thaumaturge (level 12, -4/86 HPs)
             Began as a Mummy Air Elementalist on Aug 21, 2018.
             Was a High Priest of Dithmenos.
             Killed by divine providence
             ... invoked by Saint Roka
              (14 damage)
             ... on level 2 of the Orcish Mines.
             The game lasted 00:32:36 (19720 turns).

Amnesiac the Thaumaturge (Mummy Air Elementalist)  Turns: 19720, Time: 00:32:37

Health: -4/86      AC: 11    Str:  9 (11) XL:     12   Next: 13%
Magic:  11/30      EV: 20    Int: 18 (20) God:    Dithmenos [*****.]
Gold:   1939       SH:  0    Dex: 12      Spells: 25/39 levels left

rFire    . . .     SeeInvis +   a - +4 scimitar (flame)
rCold    + . .     Gourm    .   (no shield)
rNeg     + + +     Faith    .   j - +3 leather armour {rF+}
rPois    ∞         Spirit   .   t - +2 helmet {SInv}
rElec    .         Reflect  .   i - +1 cloak
rCorr    .         Harm     .   (no gloves)
MR       +....                  (no boots)
Stlth    ++++......             (no amulet)
HPRegen  0.24/turn              v - +3 ring of evasion
MPRegen  0.22/turn              e - +4 ring of evasion

@: very slightly contaminated, wreathed by umbra
A: no food or potions, fire vulnerability, cold resistance 1, negative energy
resistance 3, torment resistance, unbreathing
a: Shadow Step, Shadow Form, Renounce Religion


You were on level 2 of the Orcish Mines.
You worshipped Dithmenos.
Dithmenos was extremely pleased with you.
You were not hungry.

You visited 4 branches of the dungeon, and saw 15 of its levels.
You also visited: Bailey.

You collected 1939 gold pieces.

Inventory:

Hand Weapons
 a - a +4 scimitar of flaming (weapon)
 b - a +4 dagger of distortion
 z - the +6 battleaxe "Killer Bee's Peril" {chop, -Tele +Fly rN+ Int+3}
   (You found it on level 9 of the Dungeon)

   It inflicts extra damage upon your enemies.
   It affects your intelligence (+3).
   It protects you from negative energy.
   It lets you fly.
   It prevents most forms of teleportation.
Missiles
 w - 20 tomahawks of returning (quivered)
Armour
 i - a +1 cloak (worn)
 j - a +3 leather armour of fire resistance (worn)
 t - a +2 helmet of see invisible (worn)
Magical Staves
 A - an uncursed staff of fire
Jewellery
 e - a +4 ring of evasion (right hand)
 v - a +3 ring of evasion (left hand)
Wands
 l - a wand of polymorph (18)
 m - a wand of disintegration (18)
 n - a wand of iceblast (21)
 p - a wand of clouds (4)
 s - a wand of acid (12)
 u - a wand of random effects (40)
Scrolls
 c - 7 scrolls of remove curse {!r}
 d - 3 scrolls of teleportation {!r}
 g - a scroll of fog {!r}
 h - 2 scrolls of fear {!r}
 k - 4 scrolls of immolation {!r}
 q - 3 scrolls of identify {!r}
 r - 2 scrolls of magic mapping {!r}
 x - a scroll of enchant armour {!r}
 y - a scroll of amnesia {!r}
Miscellaneous
 f - a sack of spiders


   Skills:
 - Level 5.0 Fighting
 - Level 5.0 Dodging
 - Level 5.0 Stealth
 - Level 14.0 Spellcasting
 + Level 6.2 Conjurations
 * Level 6.3 Air Magic
 - Level 5.0 Invocations
 - Level 5.0 Evocations


You had 25 spell levels left.
You knew the following spells:

 Your Spells              Type           Power        Failure   Level  Hunger
a - Airstrike             Air            #####.....   5%          4    N/A
b - Passwall              Tmut/Erth      ##......     11%         2    N/A
d - Lightning Bolt        Conj/Air       #####.....   16%         5    N/A
e - Shock                 Conj/Air       ####         1%          1    N/A
z - Swiftness             Chrm/Air       ###.....     3%          2    N/A

Your spell library contained the following spells:

 Spells                   Type           Power        Failure   Level  Hunger
 Static Discharge         Conj/Air       #####...     1%          3    N/A
 Stone Arrow              Conj/Erth      ###...       6%          3    N/A
 Sandblast                Erth           ##....       8%          1    N/A
 Petrify                  Tmut/Erth      ##......     58%         4    N/A
 Lee's Rapid Deconstruct  Erth           ##........   90%         5    N/A
 Metabolic Englaciation   Hex/Ice        ##........   90%         5    N/A
 Freezing Cloud           Conj/Ice/Air   ####......   90%         6    N/A
 Bolt of Cold             Conj/Ice       ###.......   97%         6    N/A
 Ozocubu's Refrigeration  Ice            ##........   100%        6    N/A
 Simulacrum               Ice/Necr       ##........   100%        6    N/A
 Ice Form                 Ice/Tmut       Unusable     N/A         4    N/A

Dungeon Overview and Level Annotations

Branches:
Dungeon (11/15)            Temple (1/1) D:5            Lair (1/6) D:8
    Orc (2/2) D:10            Elf (0/3) Orc:2

Altars:
Ashenzari
Cheibriados
Dithmenos
Elyvilon
Fedhas
Gozag
Hepliaklqana
Kikubaaqudgha
Makhleb
Nemelex Xobeh
Okawaru
Qazlal
Ru
Sif Muna
Trog
Uskayaw
Vehumet
Wu Jian
Xom
Yredelemnul
Zin
The Shining One
Beogh

Annotations:
D:10 Guisituaxt's ghost, journeyman TrMo
D:11 Harold
Orc:2 Saint Roka


Innate Abilities, Weirdness & Mutations

You do not eat or drink.
Your flesh is vulnerable to fire.
You are immune to poison.
Your flesh is cold resistant. (rC+)
You are immune to negative energy. (rN+++)
You are immune to unholy pain and torment.
You can survive without breathing.


Message History

Aiming: Corrosive Bolt
Press: ? - help, Shift-Dir - straight line, f/p - Saint Roka
Aim: Saint Roka, wielding a great sword of electrocution and wearing a shiny chain mail (freezing vapour, heavily wounded, umbra)
The bolt of acid hits Saint Roka.
Saint Roka is splashed with acid.
Saint Roka is heavily wounded.
Saint Roka is engulfed in freezing vapours.
Saint Roka closely misses you.
You riposte.
You barely miss Saint Roka.
Saint Roka is severely wounded.
Your soldier ant is engulfed in freezing vapours.
Saint Roka is engulfed in freezing vapours.
Okay, then.
Casting: Lightning Bolt (quite dangerous; 16% risk of failure)
Confirm with . or Enter, or press ? or * to list all spells.
Okay, then.
Your soldier ant is engulfed in freezing vapours.
Your soldier ant stings Saint Roka.
Saint Roka is engulfed in freezing vapours.
Really read
o - a scroll of blinking {!r}?
Blink to where?
Press: ? - help, Dir - move target cursor, p - Saint Roka You are very lightly contaminated with residual magic.
As you read the scroll of blinking {!r}, it crumbles to dust.
Your soldier ant is engulfed in freezing vapours.
Saint Roka hits your soldier ant with a great sword of electrocution!!
Your soldier ant dies!
Your soldier ant's corpse disappears in a puff of smoke!
Your worker ant is engulfed in freezing vapours.
Saint Roka invokes the aid of Beogh against you.
Beogh smites you!
* * * LOW HITPOINT WARNING * * *
Casting: Lightning Bolt (quite dangerous; 16% risk of failure)
Confirm with . or Enter, or press ? or * to list all spells.
Aiming: Airstrike (safe; 5% risk of failure)
Press: ? - help, Dir - move target cursor, f - Saint Roka
Aim: Saint Roka, wielding a great sword of electrocution and wearing a shiny chain mail (severely wounded)
The air twists around and strikes Saint Roka!
Saint Roka is severely wounded.
Saint Roka hits your worker ant with a great sword of electrocution!!
Your worker ant dies!
Your worker ant's corpse disappears in a puff of smoke!
Casting: Airstrike (safe; 5% risk of failure)
Confirm with . or Enter, or press ? or * to list all spells.
Aiming: Airstrike (safe; 5% risk of failure)
Press: ? - help, Dir - move target cursor, f/p - Saint Roka
Aim: Saint Roka, wielding a great sword of electrocution and wearing a shiny chain mail (freezing vapour, severely wounded)
The air twists around and strikes Saint Roka!
Saint Roka is severely wounded.
Saint Roka is engulfed in freezing vapours.
Saint Roka invokes the aid of Beogh against you.
Beogh smites you!
* * * LOW HITPOINT WARNING * * *
Casting: Airstrike (safe; 5% risk of failure)
Confirm with . or Enter, or press ? or * to list all spells.
Aiming: Airstrike (safe; 5% risk of failure)
Press: ? - help, Dir - move target cursor, f/p - Saint Roka
Aim: Saint Roka, wielding a great sword of electrocution and wearing a shiny chain mail (freezing vapour, severely wounded)
The air twists around and strikes Saint Roka!
Saint Roka is severely wounded.
Your shadow mimicks your spell!
The shadow shard hits Saint Roka.
Saint Roka is engulfed in freezing vapours.
Saint Roka calls down the wrath of Beogh upon you.
Beogh smites you!
You die...

.............#......###
...#..........##....#.##
...#...........#.#.....# ###
....................#.####.##
.................#..#####...#
.........§.....#.....##....## ##
..........§§.........#.....# ###.
........§§§§§.......#.....####...
.........o§§§...@...#.....##.....
..........§.§.............#.....[
.......................#.###.....
......................#### #.....
.......................## #...##
............[...........# #...##.
.......................## ##.##..
.#.##...................## ###..4
..##.....)..#............####....


You could see Saint Roka.

Vanquished Creatures
  An orc warlord (Bailey)
  Snorg (D:11)
  Erica (D:10)
  Urug (D:10)
  A dancing weapon (D:10)
  An orc high priest (Orc:2)
  3 unseen horrors
  Pikel (D:5)
  2 orc knights
  An ugly thing (D:5)
  Joseph (D:10)
  A black mamba (Lair:1)
  Psyche (D:8)
  An efreet (D:9)
  3 trolls
  A spriggan (D:8)
  A hungry ghost (D:7)
  6 wargs
  6 ice beasts
  A sky beast (D:10)
  A black bear (D:7)
  15 orc warriors
  6 ogres
  2 slaves (D:5)
  A phantom (D:6)
  6 centaurs
  7 bullfrogs
  A wyvern zombie (D:10)
  4 scorpions
  14 killer bees
  A howler monkey (D:6)
  An electric eel (Lair:1)
  2 crimson imps (D:7)
  A quasit (D:9)
  A bullfrog zombie (D:10)
  A centaur zombie (D:8)
  4 jellies
  6 hounds
  17 orc priests
  A gnoll shaman (D:8)
  An iguana (D:7)
  27 orc wizards
  7 worker ants
  A statue (D:7)
  A hound zombie (D:6)
  14 adders
  4 gnolls (D:8)
  2 shadow imps
  An ooze (D:5)
  An adder zombie (D:6)
  2 worms
  A dart slug (D:2)
  8 leopard geckos
  104 orcs
  2 ball pythons
  5 bats
  4 giant cockroaches
  7 goblins
  12 hobgoblins
  6 jackals
  20 kobolds
  7 quokkas
  4 frilled lizards
  A giant cockroach zombie (D:6)
  A jackal zombie (D:4)
  2 quokka zombies
  7 rats
379 creatures vanquished.

Vanquished Creatures (others)
  2 slaves (D:5)
  3 orcs (D:5)
5 creatures vanquished.

Grand Total: 384 creatures vanquished

Notes
Turn   | Place    | Note
-------+----------+-------------------------------------------
     0 | D:1      | Amnesiac the Mummy Air Elementalist began the quest for the Orb.
     0 | D:1      | Reached XP level 1. HP: 13/13 MP: 4/4
    60 | D:2      | Reached XP level 2. HP: 6/19 MP: 0/5
   334 | D:2      | Reached skill level 3 in Spellcasting
   484 | D:2      | Reached XP level 3. HP: 23/24 MP: 1/8
   527 | D:2      | Learned a level 2 spell: Swiftness
   810 | D:2      | Found a bloodstained altar of Trog.
  1235 | D:3      | Reached skill level 4 in Spellcasting
  1562 | D:4      | Reached skill level 5 in Spellcasting
  1562 | D:4      | Reached XP level 4. HP: 28/30 MP: 7/11
  1578 | D:4      | Learned a level 4 spell: Airstrike
  1734 | D:4      | Reached XP level 5. HP: 8/35 MP: 9/13
  1806 | D:4      | Reached skill level 6 in Spellcasting
  2573 | D:4      | Reached skill level 7 in Spellcasting
  2728 | D:5      | Entered Level 5 of the Dungeon
  2739 | D:5      | Reached XP level 6. HP: 31/41 MP: 9/16
  2746 | D:5      | Learned a level 5 spell: Lightning Bolt
  2954 | D:5      | Noticed a slave
  2954 | D:5      | Noticed a slave
  2956 | D:5      | Noticed Pikel
  2956 | D:5      | Noticed a slave
  2972 | D:5      | Killed a slave
  2972 | D:5      | Killed a slave
  3002 | D:5      | Killed Pikel
  3002 | D:5      | Reached skill level 10 in Spellcasting
  3002 | D:5      | Reached XP level 7. HP: 8/46 MP: 2/20
  3009 | D:5      | Found a staircase to the Ecumenical Temple.
  3018 | Temple   | Entered the Ecumenical Temple
  3252 | Temple   | Became a worshipper of Dithmenos the Shadowed
  3418 | D:5      | Got a twisted leather armour
  3429 | D:5      | Identified the cursed +1 leather armour of Fuulle Qihoi {rPois Regen+ Int+2} (You found it on level 5 of the Dungeon)
  3816 | D:5      | Reached skill level 11 in Spellcasting
  3816 | D:5      | Reached XP level 8. HP: 46/52 MP: 17/23
  5483 | D:6      | Noticed a green ugly thing
  5569 | D:6      | Reached skill level 12 in Spellcasting
  5786 | D:6      | Reached * piety under Dithmenos
  5995 | D:6      | Found an ancient bone altar of Kikubaaqudgha.
  6253 | D:7      | Reached XP level 9. HP: 57/57 MP: 6/25
  6381 | D:7      | Reached skill level 13 in Spellcasting
  6691 | D:7      | Reached ** piety under Dithmenos
  6728 | D:7      | Reached skill level 5 in Air Magic
  6737 | D:7      | Found a transporter.
  6965 | D:7      | Found a radiant altar of Vehumet.
  7190 | D:7      | Reached skill level 14 in Spellcasting
  7671 | D:7      | Found a roughly hewn altar of Beogh.
  7681 | D:7      | Found a transporter.
  7695 | D:7      | Reached skill level 1 in Conjurations
  8166 | D:6      | Reached XP level 10. HP: 56/63 MP: 15/28
  8302 | D:6      | Learned a level 2 spell: Passwall
  8452 | D:5      | Killed a red ugly thing
  8569 | D:8      | Reached *** piety under Dithmenos
  8579 | D:8      | Noticed Psyche
  8584 | D:8      | Killed Psyche
  8584 | D:8      | Reached skill level 5 in Conjurations
  8660 | D:8      | Found a flagged portal.
  8752 | Bailey   | Entered a bailey
  8757 | Bailey   | Noticed an orc warlord
  8962 | Bailey   | Noticed an orc knight
  8978 | Bailey   | Killed an orc knight
  9161 | Bailey   | Found a runed gate.
  9161 | Bailey   | Found a runed gate.
  9161 | Bailey   | Found a runed gate.
  9419 | Bailey   | Killed an orc warlord
  9898 | D:8      | Found a staircase to the Lair.
 10166 | D:8      | Reached **** piety under Dithmenos
 10559 | D:8      | Reached XP level 11. HP: 68/68 MP: 16/29
 10645 | D:8      | Found a shimmering altar of Xom.
 10645 | D:8      | Noticed Joseph
 10984 | D:9      | Got a transparent battleaxe
 11108 | D:9      | Identified the +6 battleaxe "Killer Bee's Peril" {chop, -Tele +Fly rN+ Int+3} (You found it on level 9 of the Dungeon)
 11826 | D:9      | Found a blossoming altar of Fedhas.
 11830 | D:9      | Found a sparkling altar of Nemelex Xobeh.
 11945 | D:9      | Found an ornate altar of the Wu Jian Council.
 12056 | D:10     | Entered Level 10 of the Dungeon
 12063 | D:10     | Noticed Urug
 12075 | D:10     | Killed Urug
 12221 | D:10     | Killed Joseph
 12449 | D:10     | Found a staircase to the Orcish Mines.
 12700 | D:10     | Reached skill level 1 in Fighting
 12787 | D:10     | Noticed an unseen horror
 12792 | D:10     | Killed an unseen horror
 12792 | D:10     | Reached skill level 5 in Stealth
 13040 | D:10     | Noticed Erica
 13049 | D:10     | Killed Erica
 13049 | D:10     | Reached ***** piety under Dithmenos
 13342 | D:10     | Noticed an unseen horror
 13347 | D:10     | Killed an unseen horror
 14070 | Orc:1    | Entered Level 1 of the Orcish Mines
 14070 | Orc:1    | Found a runed door.
 14070 | Orc:1    | Found a shimmering altar of Xom.
 14070 | Orc:1    | Noticed Guisituaxt's ghost (journeyman TrMo)
 14071 | Orc:1    | Noticed a hand axe of chaos
 14075 | Orc:1    | Paralysed by a hand axe of chaos for 6 turns
 14092 | D:10     | Killed a hand axe of chaos
 14476 | D:11     | Noticed an unseen horror
 14482 | D:11     | Killed an unseen horror
 14609 | D:11     | Noticed Snorg
 14627 | D:11     | Killed Snorg
 14634 | D:11     | Noticed Harold
 14635 | D:11     | Noticed a red ugly thing
 14898 | Lair:1   | Entered Level 1 of the Lair of Beasts
 14935 | Lair:1   | Reached skill level 5 in Dodging
 14935 | Lair:1   | Reached skill level 5 in Evocations
 16871 | Orc:2    | Entered Level 2 of the Orcish Mines
 17319 | Orc:2    | Found a staircase to the Elven Halls.
 17592 | Orc:2    | Reached XP level 12. HP: 84/84 MP: 4/30
 18040 | Orc:2    | Noticed Saint Roka
 18193 | Orc:2    | Reached skill level 5 in Fighting
 18420 | Orc:2    | Reached skill level 5 in Invocations
 19072 | Orc:2    | Noticed an orc high priest
 19336 | Orc:2    | Killed an orc high priest
 19720 | Orc:2    | Killed from afar by Saint Roka

Skill      XL: |  1  2  3  4  5  6  7  8  9 10 11 12 |
---------------+-------------------------------------+-----
Air Magic      | 3 4 6 |  6.3
Spellcasting   | 3 5 7 10 11 12 14 | 14.0
Conjurations   | 3 6 |  6.2
Invocations    | 4 5 |  5.0
Evocations     | 4 5 |  5.0
Stealth        | 5 |  5.0
Dodging        | 5 |  5.0
Fighting       | 4 5 |  5.0

Action                   |  1- 3 |  4- 6 |  7- 9 | 10-12 || total
-------------------------+-------+-------+-------+-------++-------
Melee: Unarmed           |       |     1 |     7 |     1 ||     9
       Falchion          |       |       |       |     5 ||     5
       Scimitar          |       |       |       |    33 ||    33
Throw: Tomahawk          |       |       |       |     6 ||     6
 Cast: Shock             |    59 |    81 |   331 |   118 ||   589
       Airstrike         |       |       |    42 |   288 ||   330
       Swiftness         |       |       |     1 |       ||     1
       Lightning Bolt    |       |       |       |    19 ||    19
       Passwall          |       |       |       |    80 ||    80
Evoke: Wand              |       |       |     3 |     5 ||     8
       Sack of spiders   |       |       |       |     2 ||     2
  Use: Scroll            |       |       |    12 |     3 ||    15
 Stab: Distracted        |       |       |       |     1 ||     1
Armor: Robe              |     2 |     7 |    19 |       ||    28
       Leather armour    |       |       |     3 |    53 ||    56
Dodge: Dodged            |     9 |    23 |   169 |   261 ||   462
       Rpst.: Falchion   |       |       |       |    26 ||    26
       Scimitar          |       |       |       |    28 ||    28
